 Dungeon Crawl Stone Soup version 0.30-a0-883-g5ad918d77d (webtiles) character file.

Game seed: 3892702042017145425

59 gelatine the Chopper (level 3, -5/27 HPs)
             Began as a Demonspawn Gladiator on Mar 18, 2023.
             Killed from afar by Sigmund (10 damage)
             ... with a puff of flame
             ... on level 2 of the Dungeon.
             The game lasted 00:02:54 (1141 turns).

gelatine the Chopper (Demonspawn Gladiator)         Turns: 1141, Time: 00:02:54

Health: -5/27      AC:  4    Str: 16    XL:     3   Next: 78%
Magic:  3/3        EV: 12    Int:  9    God:
Gold:   76         SH:  0    Dex: 14    Spells: 2/2 levels left

rFire   . . .      SeeInvis .    a - +0 war axe
rCold   . . .      Faith    .    (no shield)
rNeg    . . .      Spirit   .    b - +0 leather armour
rPois   .          Reflect  .    c - +0 helmet
rElec   .          Rampage  .    (no cloak)
rCorr   .                        (no gloves)
Will    .....                    (no boots)
Stlth   +                        (no amulet)
HPRegen 0.24/turn                (no ring)
MPRegen 0.08/turn                (no ring)

@: no status effects
A: weakness stinger 2
a: no special abilities


You were on level 2 of the Dungeon.
You visited 1 branch of the dungeon, and saw 2 of its levels.

You collected 76 gold pieces.

Inventory:

Hand Weapons
 a - a +0 war axe (weapon)
Armour
 b - a +0 leather armour (worn)
 c - a +0 helmet (worn)
Scrolls
 f - a scroll of poison {unknown}
 h - a scroll of immolation {unknown}
 j - 2 scrolls of blinking {unknown}
 k - a scroll of teleportation {unknown}
Potions
 g - a potion of brilliance {unknown}
 i - a potion of curing {unknown}


   Skills:
 * Level 2.1 Fighting
 * Level 3.4 Axes
 * Level 2.1 Throwing
 * Level 0.8 Armour
 * Level 3.0 Dodging
 * Level 0.4 Stealth
 * Level 0.3 Spellcasting


You had 2 spell levels left.
You didn't know any spells.
Your spell library was empty.

Dungeon Overview and Level Annotations

Branches:
Dungeon (2/15)

Altars:
Kikubaaqudgha

Annotations:
D:2 Sigmund


Innate Abilities, Weirdness & Mutations

You have a tail ending in a sharp stinger.


Message History

Found a stone staircase leading up.
g - a bubbling silvery potion
Found a chain mail.
j - 2 scrolls labelled OGRACHI BUOQA (gained 1)
Found a robe.
You now have 68 gold pieces (gained 11).
You see here a +0 chain mail.
You see here a +0 robe.
You now have 76 gold pieces (gained 8).
Sigmund the Dreaded comes into view.
He is wielding a +0 scythe and carrying a wand of flame (21).
Sigmund shouts!
Sigmund casts a spell at you. The puff of flame misses you.
You throw a throwing net.
The throwing net closely misses Sigmund.
You throw a throwing net. The throwing net barely misses Sigmund.
Sigmund gestures wildly while chanting.
Sigmund flickers and vanishes!
Deactivating autopickup; reactivate with Ctrl-A.
No target in view!
Throw: javelin
Press: ? - help, Shift-Dir - straight line You throw a javelin.
You hear a zap.
A puff of flame appears from out of thin air!
The puff of flame hits you.
You hear a zap.
A puff of flame appears from out of thin air!
The puff of flame hits you! Something hits you.
You miss something. You closely miss something. You tail-slap something.
You hear a zap.
A puff of flame appears from out of thin air!
The puff of flame hits you!
* * * LOW HITPOINT WARNING * * *
You hear a zap.
A puff of flame appears from out of thin air!
The puff of flame hits you!
You die...

########.# #.# #.#
#.# #.# # ##### #.#
#(#...#####.####
#(.......##....#
#{@.....###.#
#.._..#.###.# ####
#...........# #.
..###......######
#.............#######
#.##..#######.......#
#.##..# #.#####.#
#.##..# #.### #.#
#.#...# #...# #.#


There were no monsters in sight!

Vanquished Creatures
  Natasha (D:2)
  A dart slug (D:2)
  6 bats
  4 endoplasms (D:1)
  3 giant cockroaches (D:1)
  A goblin (D:1)
  5 hobgoblins
  2 jackals (D:1)
  2 quokkas (D:1)
  2 ball pythons (D:1)
  2 frilled lizards
  5 kobolds
  4 rats
38 creatures vanquished.

Notes
Turn   | Place    | Note
-------+----------+-------------------------------------------
     0 | D:1      | gelatine the Demonspawn Gladiator began the quest for the
                  | Orb.
     0 | D:1      | Reached XP level 1. HP: 16/16 MP: 1/1
   240 | D:1      | Gained mutation: You have a small tail. [demonic ancestry]
   240 | D:1      | Reached XP level 2. HP: 18/22 MP: 2/2
   561 | D:1      | Found a faded altar of an unknown god.
   645 | D:1      | Gained mutation: You have a tail ending in a sharp stinger.
                  | [demonic ancestry]
   645 | D:1      | Reached XP level 3. HP: 26/27 MP: 3/3
   917 | D:2      | Found an ancient bone altar of Kikubaaqudgha.
  1001 | D:2      | Noticed Natasha
  1007 | D:2      | Killed Natasha
  1133 | D:2      | Noticed Sigmund
  1141 | D:2      | Killed from afar by Sigmund

Illustrated notes

Levels and vault maps discovered:
D:1:      amcnicky_arrival_underground_garden, layout_loops_ring,
          hellmonk_ecumenical_altar_inner_sanctum, minmay_worlds_worst_comb
D:2:      layout_loops_ring, basic_altar, uniq_sigmund, uniq_natasha

Skill      XL: |  1  2 |
---------------+-------+-----
Dodging        | 3 |  3.0
Axes           | 3 |  3.4
Throwing       | 2 |  2.1
Fighting       | |  2.1
Armour         | |  0.8
Stealth        | |  0.4
Spellcasting   | |  0.3

Action                     || total
---------------------------++-------
  Melee: War axe           ||    84
         Tailslap          ||     9
         Punch             ||     1
  Throw: Stone             ||    26
         Throwing net      ||     5
         Javelin           ||     1
   Stab: Sleeping          ||     1
 Armour: Leather armour    ||    27
  Dodge: Dodged            ||    73

Table legend: (Time is in decaauts)
 A = Elapsed time spent in this place.
 B = Non-inter-level travel time spent in this place.
 C = Inter-level travel time spent in this place.
 D = Time resting spent in this place.
 E = Time spent auto-exploring this place.
 F = Levels seen in this place.
 G = Mean time per level.
                   A        B        C        D        E       F      G
               +--------+--------+--------+--------+--------+-----+--------+
         Total |   1168 |   1142 |     26 |      0 |    844 |   2 |  584.0 |
       Dungeon |   1168 |   1142 |     26 |      0 |    844 |   2 |  584.0 |
               +--------+--------+--------+--------+--------+-----+--------+

Top non-repeatable levels by time:
     D:1: 901 daAuts
     D:2: 267 daAuts
